 Dungeon Crawl Stone Soup version 0.19-a0-1773-gaa448fe (webtiles) character file.

108594 skinnyp the Severer (level 16, -1/129 HPs)
             Began as a Demonspawn Monk on Oct 18, 2016.
             Was a High Priest of Wudzu.
             Shot with a bolt by a naga sharpshooter (19 damage)
             ... on level 1 of the Snake Pit.
             The game lasted 01:04:25 (23882 turns).

skinnyp the Severer (Demonspawn Monk)              Turns: 23882, Time: 01:04:25

Health: -1/129     AC: 22    Str: 17    XL:     16   Next: 3%
Magic:  0/23       EV: 20    Int: 10    God:    Wudzu [*****.]
Gold:   1239       SH:  6    Dex: 17    Spells: 1 memorised, 12 levels left

rFire  + + +     SeeInvis .     a - +0 executioner's axe (drain)
rCold  + . .     Gourm    .     (armour unavailable)
rNeg   . . .     Faith    .     (shield currently unavailable)
rPois  .         Spirit   +     (helmet unavailable)
rElec  .         Dismiss  .     p - +2 cloak
rCorr  .         Reflect  .     (gloves unavailable)
MR     ++...     Harm     .     (boots unavailable)
Stlth  +++++..... Clarity  +    L - amulet of regeneration
                                Z - ring "Tafocank" {+Inv +Fly rF++ rC+ Int-2}
                                B - ring of protection from magic

@: lethally poisoned (-1 -> -1)
A: hooves 3, large bone plates 2, fire resistance 1, nightstalker 2, magic
shield
a: Summon Vines, Briar Patch, Renounce Religion, Evoke Invisibility, Evoke
Flight


You were on level 1 of the Snake Pit.
You worshipped Wudzu.
Wudzu was extremely pleased with you.
You were not hungry.

You visited 5 branches of the dungeon, and saw 24 of its levels.
You also visited: Ice Cave and Volcano.

You collected 1390 gold pieces.
You spent 151 gold pieces at shops.

Inventory:

Hand Weapons
 a - a +0 executioner's axe of draining (weapon)
 b - a +1 scimitar of flaming
 Q - the +6 shortbow "Kial" {speed, rC+ Str+4 Stlth+, unknown}
   (You found it on level 6 of the Lair of Beasts)

   Attacks with this weapon are significantly faster.
   It affects your strength (+4).
   It protects you from cold.
   It makes you more stealthy.
Missiles
 N - 4 throwing nets (quivered)
Armour
 p - a +2 cloak (worn)
Jewellery
 r - an uncursed ring of protection from cold
 B - a ring of protection from magic (left hand)
 L - an amulet of regeneration (around neck)
 M - an uncursed ring of flight
 T - a +3 ring of evasion
 Z - the ring "Tafocank" (right hand) {+Inv +Fly rF++ rC+ Int-2}
   (You found it on level 2 of the Lair of Beasts)

   [ring of protection from cold]

   It affects your intelligence (-2).
   It greatly protects you from fire.
   It protects you from cold.
   It lets you turn invisible.
   It lets you fly.
Wands
 j - a wand of teleportation (2/9)
 m - a wand of disintegration (17/24)
 o - a wand of paralysis (18/24)
 s - a wand of paralysis (9/24)
 u - a wand of digging (15/24)
 D - a wand of iceblast (11/15)
 P - a wand of digging (8/24)
 Y - a wand of flame (37/48)
Scrolls
 e - a scroll of teleportation
 f - a scroll of enchant armour
 q - 2 scrolls of magic mapping
 w - 5 scrolls of recharging
 z - 3 scrolls of identify
 X - 4 scrolls of remove curse
Potions
 d - 2 potions of agility
 h - 7 potions of flight
 i - 11 potions of curing
 n - 3 potions of magic
 v - a potion of degeneration
 x - 3 potions of cancellation
 C - 2 potions of cure mutation
 G - 5 potions of haste
 J - 3 potions of berserk rage
 S - a potion of invisibility
 U - 6 potions of might
Books
 t - a book of the Dragon

   Spells                             Type                      Level
   a - Flame Tongue                   Conjuration/Fire             1
   b - Cause Fear                     Hexes                        4
   c - Bolt of Fire                   Conjuration/Fire             6
   d - Dragon Form                    Transmutation                7
   e - Dragon's Call                  Summoning                    9
 y - a book of Necromancy

   Spells                             Type                      Level
   a - Pain                           Necromancy                   1
   b - Animate Skeleton               Necromancy                   1
   c - Vampiric Draining              Necromancy                   3
   d - Regeneration                   Charms/Necromancy            3
   e - Animate Dead                   Necromancy                   4
   f - Control Undead                 Necromancy                   4
 A - a book of Misfortune

   Spells                             Type                      Level
   a - Confusing Touch                Hexes                        1
   b - Confuse                        Hexes                        3
   c - Gell's Gravitas                Hexes/Translocation          3
   d - Petrify                        Transmutation/Earth          4
   e - Metabolic Englaciation         Hexes/Ice                    5
   f - Yara's Violent Unravelling     Hexes/Transmutation          5
 E - a book of Death

   Spells                             Type                      Level
   a - Corpse Rot                     Necromancy                   2
   b - Sublimation of Blood           Necromancy                   2
   c - Agony                          Necromancy                   5
   d - Dispel Undead                  Necromancy                   5
   e - Excruciating Wounds            Charms/Necromancy            5
   f - Bolt of Draining               Conjuration/Necromancy       5
 K - a book of Enchantments

   Spells                             Type                      Level
   a - Cause Fear                     Hexes                        4
   b - Yara's Violent Unravelling     Hexes/Transmutation          5
   c - Silence                        Hexes/Air                    5
   d - Deflect Missiles               Charms/Air                   6
   e - Haste                          Charms                       6
   f - Discord                        Hexes                        8
Miscellaneous
 O - a lamp of fire
 R - a sack of spiders
 W - a phantom mirror
Comestibles
 c - 14 bread rations
 g - 9 beef jerkies
 F - 15 fruits
 H - 5 meat rations


   Skills:
 + Level 12.6 Fighting
 * Level 17.5 Axes
 + Level 10.9 Dodging
 - Level 5.0 Stealth
 - Level 4.0 Charms
 - Level 5.0 Necromancy
 - Level 10.4 Invocations


You had 12 spell levels left.
You knew the following spells:

 Your Spells              Type           Power        Failure   Level  Hunger
a - Regeneration          Chrm/Necr      #.........   17%         3    ####...


Dungeon Overview and Level Annotations

Branches:
Dungeon (15/15)            Temple (1/1) D:6            Lair (6/6) D:10
 Shoals (1/4) Lair:4        Snake (1/4) Lair:2        Slime (0/5) Lair:5
 Vaults (0/5) D:13         Depths (0/5) D:15
    Orc: D:9-12

Altars:
Ashenzari
Cheibriados
Dithmenos
Elyvilon
Fedhas
Gozag
Hepliaklqana
Makhleb
Nemelex Xobeh
Okawaru
Qazlal
Ru
Sif Muna
Trog
Vehumet Wudzu
Xom
Zin
The Shining One

Shops:
D:5 [   D:8 %   D:9 !   D:12 *!   D:13 %%(

Portals:
Trove: D:15 (show abyssal rune of Zot)

Annotations:
D:11 1 runed door


Innate Abilities, Weirdness & Mutations

You have hooves in place of feet.
You are mostly covered in large bone plates. (SH +6)
You are significantly more attuned to the shadows.
When hurt, damage is shared between your health and your magic reserves.
Your flesh is heat resistant. (rF+)


Message History

You barely miss the naga sharpshooter.
The naga sharpshooter is moderately wounded.
You feel sick.
The naga sharpshooter casts a spell.
The naga sharpshooter magically shoots a bolt.
The bolt hits you!!
* * * LOW HITPOINT WARNING * * *
You hit the naga sharpshooter.
You kick the naga sharpshooter, but do no damage.
The naga sharpshooter is moderately wounded.
The naga sharpshooter shoots a bolt.
The bolt hits you!!
* * * LOW HITPOINT WARNING * * *
You closely miss the naga sharpshooter.
The naga sharpshooter is moderately wounded.
You feel sick.
The naga sharpshooter shoots a bolt.
The bolt misses you.
You completely miss the naga sharpshooter.
You kick the naga sharpshooter, but do no damage.
The naga sharpshooter is moderately wounded.
The naga sharpshooter shoots a bolt.
The bolt hits you!!
You die...

#... #.. ..# #.#
....######.#######
......##..))......
........(.()@N.#
#...%..)#.##### #.
#........# ..#
#........# #..#
#........#
#..####...).....
#......######.
##..##.# #..
###.####..# .(.##


You could see a naga sharpshooter.

Vanquished Creatures
  Nikola (Shoals:1)
  A frost giant (D:15)
  Louise (Snake:1)
  A fire dragon (Lair:6)
  A merfolk impaler (Shoals:1)
  4 hydras
  3 naga warriors (Snake:1)
  Erica (Lair:1)
  4 centaur warriors
  2 dancing weapons (D:13)
  3 death knights
  3 anacondas (Snake:1)
  A tengu warrior (D:15)
  5 death yaks (Lair:4)
  A naga sharpshooter (Snake:1)
  2 shock serpents (Snake:1)
  4 skeletal warriors (D:14)
  3 naga ritualists (Snake:1)
  2 deep elf magi
  4 hill giants
  2 mana vipers (Snake:1)
  The ghost of Midn8 the Ruffian, a novice DrTm of Cheibriados (D:5)
  A wolf spider zombie (D:14)
  2 oklob plants (Lair:5)
  2 cyclopes
  2 manticores
  10 ugly things
  2 salamanders (Snake:1)
  4 elephants (Lair:6)
  Joseph (D:9)
  A water nymph (Shoals:1)
  2 naga magi (Snake:1)
  9 black mambas
  A siren (Lair:4)
  A guardian serpent (Snake:1)
  2 ice statues (IceCv)
  14 spiny frogs
  A gargoyle (D:14)
  A yaktaur (D:15)
  8 ice devils
  3 rime drakes
  An efreet (D:14)
  5 komodo dragons
  A tengu conjurer (D:15)
  A freezing wraith (D:13)
  4 merfolk
  A harpy zombie (D:14)
  3 trolls
  A two-headed ogre (D:12)
  12 blink frogs
  12 hippogriffs
  8 slime creatures
  A meliai zombie (D:12)
  2 snapping turtles (Shoals:1)
  A shadow (D:15)
  Sigmund (D:5)
  A centaur simulacrum (D:12)
  A water elemental (Shoals:1)
  Grum (Lair:1)
  5 wraiths
  2 wyverns
  2 steam dragons
  29 yaks
  2 hungry ghosts
  A basilisk (Lair:5)
  12 vampire mosquitoes
  5 nagas (Snake:1)
  4 mottled dragons
  8 swamp worms (Lair:2)
  15 water moccasins
  5 swamp drakes (Lair:6)
  5 porcupines
  An eye of draining (D:14)
  A necrophage (D:12)
  3 black bears
  4 ice beasts
  3 orc warriors
  5 sky beasts
  4 ogres
  4 phantoms
  4 wasps
  2 wolves (Lair:1)
  The ghost of kadskias the Chopper, an amateur DsGl (D:6)
  25 centaurs
  17 crocodiles
  2 big kobolds
  15 bullfrogs
  2 wyvern zombies
  2 wyvern skeletons
  2 scorpions
  5 killer bees (D:10)
  2 howler monkeys (D:8)
  8 crimson imps
  A quasit (D:10)
  3 bullfrog zombies
  5 hounds
  6 orc priests
  2 centaur zombies
  5 centaur skeletons
  3 jellies
  11 iguanas
  Jessica (D:2)
  2 bullfrog skeletons (D:5)
  9 orc wizards
  12 worker ants
  2 hound zombies
  A hound skeleton (D:7)
  4 mummies (Volcano)
  4 worker ant zombies
  3 gnolls (D:2)
  9 river rats (Lair:2)
  12 adders
  A shadow imp (D:15)
  5 white imps (IceCv)
  6 ufetubi (IceCv)
  2 oozes
  2 adder skeletons
  An adder zombie (D:9)
  16 worms
  2 dart slugs
  4 leopard geckos
  44 orcs
  5 giant cockroaches
  7 goblins
  8 hobgoblins
  13 jackals
  15 kobolds
  4 quokkas
  A ball python (D:6)
  4 bats
  4 frilled lizards (D:2)
  A giant cockroach zombie (D:5)
  A jackal skeleton (D:7)
  A leopard gecko skeleton (D:8)
  A quokka skeleton (D:8)
  4 rats
  A bush (Lair:6)
  3 fungi
  4 plants
636 creatures vanquished.

Vanquished Creatures (collateral kills)
  The ghost of 00Nightcrawler the Brawler, a journeyman TrFi of Wudzu (Lair:6)
  A siren (Shoals:1)
  A rime drake (Lair:6)
  A blink frog (Lair:4)
  A basilisk (Lair:6)
  A mottled dragon (D:14)
  A crocodile (Lair:6)
  An iguana (Lair:6)
8 creatures vanquished.

Vanquished Creatures (others)
  3 white imps (IceCv)
  4 ufetubi (IceCv)
  A jackal (D:5)
  A bush (Lair:1)
  5 fungi
  14 plants
28 creatures vanquished.

Grand Total: 672 creatures vanquished

Notes
Turn   | Place    | Note
-------+----------+-------------------------------------------
     0 | D:1      | skinnyp the Demonspawn Monk began the quest for the Orb.
     0 | D:1      | Reached XP level 1. HP: 18/18 MP: 1/1
   158 | D:1      | Reached skill level 3 in Axes
   158 | D:1      | Gained mutation: You are partially covered in large bone plates. (SH +4) [demonic ancestry]
   158 | D:1      | Reached XP level 2. HP: 12/24 MP: 2/2
  1111 | D:2      | Gained mutation: You have large cloven feet. [demonic ancestry]
  1111 | D:2      | Reached XP level 3. HP: 29/29 MP: 3/3
  1220 | D:2      | Reached skill level 4 in Axes
  1316 | D:2      | Gained mutation: You are slightly more attuned to the shadows. [demonic ancestry]
  1316 | D:2      | Reached XP level 4. HP: 10/35 MP: 4/4
  2085 | D:2      | Noticed Jessica
  2088 | D:2      | Killed Jessica
  2088 | D:2      | Reached skill level 5 in Axes
  2328 | D:3      | Gained mutation: When hurt, damage is shared between your health and your magic reserves. [demonic ancestry]
  2328 | D:3      | Reached XP level 5. HP: 34/41 MP: 5/5
  3378 | D:4      | Found a bloodstained altar of Trog.
  3395 | D:4      | Reached skill level 6 in Axes
  3402 | D:4      | Reached XP level 6. HP: 27/47 MP: 2/6
  3966 | D:4      | Found a blossoming altar of Fedhas.
  4357 | D:5      | Entered Level 5 of the Dungeon
  4420 | D:5      | Reached skill level 7 in Axes
  4420 | D:5      | Reached XP level 7. HP: 48/52 MP: 7/7
  4448 | D:5      | Found a white marble altar of Elyvilon.
  4580 | D:5      | Noticed Sigmund
  4587 | D:5      | Killed Sigmund
  4595 | D:5      | Noticed Midn8's ghost (novice DrTm)
  4622 | D:5      | Killed Midn8's ghost
  4622 | D:5      | Reached skill level 8 in Axes
  4622 | D:5      | Gained mutation: You have hoof-like feet. [demonic ancestry]
  4622 | D:5      | Reached XP level 8. HP: 38/60 MP: 2/8
  4750 | D:5      | Reached skill level 9 in Axes
  4907 | D:5      | Got a bloodstained quarterstaff
  4987 | D:5      | Found Viereoq's Antique Armour Shoppe.
  5168 | D:6      | Found a stormy altar of Qazlal.
  5185 | D:6      | Noticed kadskias's ghost (amateur DsGl)
  5218 | D:6      | Killed kadskias's ghost
  5375 | D:6      | Found a staircase to the Ecumenical Temple.
  5386 | Temple   | Entered the Ecumenical Temple
  5472 | Temple   | Became a worshipper of Wudzu the Untamed
  5472 | Temple   | Reached * piety under Wudzu
  5472 | Temple   | Reached ** piety under Wudzu
  5506 | D:6      | Found a shattered altar of Ashenzari.
  5653 | D:6      | Found a shimmering altar of Xom.
  5770 | D:6      | Reached skill level 10 in Axes
  6111 | D:7      | Gained mutation: You are mostly covered in large bone plates. (SH +6) [demonic ancestry]
  6111 | D:7      | Reached XP level 9. HP: 51/66 MP: 6/9
  6832 | D:7      | Identified a scroll of acquirement
  6900 | D:7      | Reached skill level 5 in Fighting
  7320 | D:8      | Reached skill level 11 in Axes
  7622 | D:8      | Reached *** piety under Wudzu
  7630 | D:8      | Found a shadowy altar of Dithmenos.
  7829 | D:8      | Gained mutation: Your flesh is heat resistant. (rF+) [mutagenic meat]
  7846 | D:8      | Found Ocemiwumm's Food Shoppe.
  7980 | D:8      | Reached skill level 12 in Axes
  8226 | D:9      | Gained mutation: You are significantly more attuned to the shadows. [demonic ancestry]
  8226 | D:9      | Reached XP level 10. HP: 75/75 MP: 8/10
  8392 | D:9      | Reached skill level 1 in Invocations
  8443 | D:9      | Found Wofez's Distillery.
  8495 | D:9      | Noticed Joseph
  8503 | D:9      | Killed Joseph
  8709 | D:10     | Entered Level 10 of the Dungeon
  8786 | D:10     | Found a staircase to the Lair.
  8808 | D:10     | Reached **** piety under Wudzu
  8890 | D:10     | Reached skill level 5 in Dodging
  9490 | D:11     | Noticed a cyan ugly thing
  9496 | D:11     | Killed a cyan ugly thing
  9595 | D:11     | Noticed a hill giant
  9601 | D:11     | Killed a hill giant
  9601 | D:11     | Reached skill level 5 in Invocations
  9601 | D:11     | Reached XP level 11. HP: 80/83 MP: 12/14
  9748 | D:11     | Noticed a hill giant
  9751 | D:11     | Killed a hill giant
  9751 | D:11     | Reached skill level 13 in Axes
  9821 | D:11     | Noticed a red ugly thing
  9824 | D:11     | Killed a red ugly thing
  9892 | D:11     | Found a runed door.
  9892 | D:11     | Noticed a deep troll
  9892 | D:11     | Noticed a fire giant
  9893 | D:11     | Noticed a lindwurm
  9893 | D:11     | a floating eye changed into a lindwurm
  9894 | D:11     | Noticed a phantasmal warrior
  9894 | D:11     | Noticed an ice dragon
  9894 | D:11     | Noticed an ettin
  9894 | D:11     | Noticed a fire giant
  9894 | D:11     | Noticed a yaktaur captain
  9940 | D:12     | Found a bloodstained altar of Trog.
 10005 | D:12     | Reached ***** piety under Wudzu
 10127 | D:12     | Noticed a hill giant
 10138 | D:12     | Killed a hill giant
 10375 | D:12     | Noticed a white ugly thing
 10384 | D:12     | Killed a white ugly thing
 10423 | D:12     | Found Xerergh's Distillery.
 10557 | D:12     | Found Tedise's Assorted Antiques.
 10563 | D:12     | Bought an encrusted copper wand for 124 gold pieces
 10563 | D:12     | Bought an orange potion for 27 gold pieces
 10735 | Lair:1   | Entered Level 1 of the Lair of Beasts
 10762 | Lair:1   | Noticed Erica
 10772 | Lair:1   | Killed Erica
 10888 | Lair:1   | Reached skill level 14 in Axes
 10888 | Lair:1   | Reached XP level 12. HP: 80/94 MP: 13/15
 11132 | Lair:1   | Noticed Grum
 11146 | Lair:1   | Killed Grum
 11446 | Lair:1   | Reached skill level 5 in Stealth
 11639 | Lair:2   | Found a frozen archway.
 11773 | Lair:2   | Got a shimmering granite ring
 11774 | Lair:2   | Identified the ring "Tafocank" {+Inv +Fly rF++ rC+ Int-2} (You found it on level 2 of the Lair of Beasts)
 11829 | IceCv    | Entered an ice cave
 12328 | IceCv    | Noticed a reaper
 12800 | Lair:2   | Found a staircase to the Snake Pit.
 14007 | Lair:4   | Noticed a five-headed hydra
 14021 | Lair:4   | Killed a one-headed hydra
 14171 | Lair:4   | Learned a level 3 spell: Regeneration
 14289 | Lair:4   | Reached XP level 13. HP: 91/101 MP: 15/18
 14296 | Lair:4   | Reached skill level 15 in Axes
 14632 | Lair:4   | Found a staircase to the Shoals.
 15057 | Lair:5   | Reached skill level 10 in Fighting
 15357 | Lair:5   | Found a dark tunnel.
 15364 | Volcano  | Entered a volcano
 15462 | Volcano  | Reached XP level 14. HP: 111/111 MP: 20/20
 15784 | Lair:5   | Found a staircase to the Slime Pits.
 16011 | Lair:6   | Entered Level 6 of the Lair of Beasts
 16150 | Lair:6   | Got an ichor-stained shortbow
 16392 | Lair:6   | Noticed 00Nightcrawler's ghost (journeyman TrFi)
 16411 | Lair:6   | Killed 00Nightcrawler's ghost
 17905 | D:13     | Found Beffizuc's Food Shoppe.
 17938 | D:13     | Reached skill level 16 in Axes
 17938 | D:13     | Reached skill level 10 in Invocations
 17948 | D:13     | Found a gate to the Vaults.
 18003 | D:13     | Found Gyergh's Food Shoppe.
 18060 | D:13     | Found Astrururph's Antique Weapon Boutique.
 18488 | D:14     | Gained mutation: You have hooves in place of feet. [demonic ancestry]
 18488 | D:14     | Reached XP level 15. HP: 113/119 MP: 19/22
 18569 | D:14     | Reached ****** piety under Wudzu
 19375 | Shoals:1 | Entered Level 1 of the Shoals
 19753 | Shoals:1 | Noticed Nikola
 19768 | Shoals:1 | Killed Nikola
 19932 | Shoals:1 | Reached skill level 5 in Necromancy
 20208 | Shoals:1 | HP: 4/120 [merfolk impaler/demon trident of flaming (7)]
 20570 | D:14     | Reached skill level 10 in Dodging
 21144 | D:15     | Entered Level 15 of the Dungeon
 21538 | D:15     | Found a staircase to the Depths.
 21538 | D:15     | Noticed a frost giant
 21543 | D:15     | Killed a frost giant
 21682 | D:15     | Found a portal to a secret trove of treasure.
 21740 | D:15     | Reached skill level 17 in Axes
 22521 | Snake:1  | Entered Level 1 of the Snake Pit
 23134 | Snake:1  | Noticed Louise
 23152 | Snake:1  | Killed Louise
 23867 | Snake:1  | Reached XP level 16. HP: 64/129 MP: 11/23
 23882 | Snake:1  | Shot with a bolt by a naga sharpshooter

Vault maps used:
D:1:      scummos_arrival_gate
D:2:      serial_aquarium, aquarium_bridge_long_separate, aquarium_window_2,
          aquarium_window_fake, aquarium_window_corridor_1, aquarium_window_1,
          aquarium_view_2a, uniq_jessica
D:4:      lemuel_round_altar, marbit_many_paths, first_bread,
          hangedman_decor_push, st_stairs_10
D:5:      serial_shops, shop, minmay_ruined_shrine, uniq_sigmund
D:6:      overflow_temple_1_default, overflow_temple_1_default, xom_butterflies
D:7:      grunt_ogre_cave, kennysheep_small_square
D:8:      nicolae_dithmenos_the_darkroom, serial_shops, shop,
          kennysheep_generic_room_9
D:9:      serial_shops, nicolae_shop_statue_plus, grunt_decor_fettered,
          st_stairs_10, uniq_joseph
D:10:     lair_0_dummy
D:11:     minmay_gate_of_8, erik_orc_1, dk_vineyard_2
D:12:     serial_glass, glass_columns_c, glass_columns_c, serial_shops,
          kennysheep_mini_moat, shop, basic_altar
D:13:     erik_vaults_1, serial_shops, shop, shop, nicolae_shop_crystal,
          grunt_ministairs_15
D:14:     kennysheep_decorative_pillar
D:15:     grunt_enter_depths_snipers, serial_column_ruins,
          column_ruins_square_medium, column_ruins_circle_medium,
          column_ruins_columns_straight, column_ruins_columns_dead_end,
          column_ruins_columns_corner, column_ruins_grid_1, enter_trove_0,
          fountainhead
Temple:   regret_index_temple_sphere_string
Lair:1:   beast_lair_carwin_6, grunt_megastairs_3, uniq_erica, uniq_grum
Lair:2:   dummy_snake_entry, portal_ice_cave_demonic_guard, worms_lemuel
Lair:4:   elwin_shoals_entry_rooms
Lair:5:   minmay_slime_entry_oklob_enclosed, lightli_volcano_entry_magma_tube,
          grunt_megastairs_2
Lair:6:   wormcave, guppyfry_lair_end_dragon, grunt_megastairs_1,
          lemuel_fruit_fields, lemuel_fruit_tree
Shoals:1: uniq_nikola
Snake:1:  nicolae_coiled_stairwell_down, serial_bayou_shore_b, uniq_louise
IceCv:    ice_cave_small_demon
Volcano:  volcano_tomb

Skill      XL: |  1  2  3  4  5  6  7  8  9 10 11 12 13 14 15 |
---------------+----------------------------------------------+-----
Axes           | 3 4 5 6 7 8 10 12 14 15 16 17 | 17.5
Dodging        | 3 4 5 7 8 9 10 | 10.9
Fighting       | 4 5 6 8 9 10 11 12 | 12.6
Invocations    | 5 7 8 10 | 10.4
Stealth        | 4 5 |  5.0
Charms         | 3 4 |  4.0
Necromancy     | 4 5 |  5.0

Action                   |  1- 3 |  4- 6 |  7- 9 | 10-12 | 13-15 | 16-18 || total
-------------------------+-------+-------+-------+-------+-------+-------++-------
Melee: Hand axe          |    18 |       |       |       |       |       ||    18
       Dagger            |    76 |   166 |       |       |       |       ||   242
       Kick              |     8 |    55 |       |       |   133 |     6 ||   202
       War axe           |       |    35 |   248 |       |       |       ||   283
       Executioner's axe |       |       |    81 |   485 |   747 |    12 ||  1325
       Scimitar          |       |       |       |    10 |    12 |       ||    22
 Cast: Regeneration      |       |       |       |       |     1 |     1 ||     2
Invok: Vestment of Thorn |       |       |     1 |       |       |       ||     1
       Regalia of Thorns |       |       |       |     1 |       |       ||     1
       Summon Vines      |       |       |       |     2 |    12 |       ||    14
       Briar Patch       |       |       |       |     2 |     2 |       ||     4
Evoke: Wand              |       |       |       |     1 |     1 |       ||     2
  Use: Scroll            |       |     8 |    13 |    12 |    11 |       ||    44
       Potion            |       |     1 |     3 |     4 |     6 |       ||    14
 Stab: Sleeping          |     5 |     8 |    19 |    27 |    36 |       ||    95
       Distracted        |       |       |     1 |     1 |     8 |       ||    10
  Eat: Chunk             |     1 |    10 |     8 |    15 |    18 |       ||    52
       Meat ration       |       |       |     1 |     1 |     3 |       ||     5
       Royal jelly       |       |       |       |     1 |     1 |       ||     2
       Fruit             |       |       |       |     1 |       |       ||     1
       Pizza             |       |       |       |       |     1 |       ||     1
       Beef jerky        |       |       |       |       |     1 |       ||     1
Armor: Ring mail         |    13 |    43 |       |       |       |       ||    56
       Chain mail        |       |    41 |    76 |       |       |       ||   117
       Skin              |       |       |    57 |   181 |   259 |     1 ||   498
Dodge: Dodged            |    35 |    80 |   166 |   476 |   597 |    12 ||  1366
Block: Other             |     7 |    23 |    70 |   211 |   221 |     4 ||   536
